 Dungeon Crawl Stone Soup version 0.18.1-5-g4a78601 (webtiles) character file.

1696 MDvedh the Spear-Bearer (level 9, -5/61 (62) HPs)
             Began as a Merfolk Fire Elementalist on May 10, 2016.
             Was a Believer of Yredelemnul.
             Hit by a large rock thrown by a cyclops (27 damage)
             ... on level 7 of the Dungeon.
             The game lasted 00:16:12 (7691 turns).

MDvedh the Spear-Bearer (Merfolk Fire Elementalist) Turns: 7691, Time: 00:16:13

HP:   -5/61 (62)    AC: 10    Str: 10    XL:     9   Next: 3%
MP:   18/21         EV: 11    Int: 14    God:    Yredelemnul [**....]
Gold: 298           SH:  5    Dex: 16    Spells: 0 memorised, 12 levels left

rFire  . . .     SeeInvis .     h - +3 trident (freeze)
rCold  . . .     Gourm    .     x - +0 ring mail
rNeg   . . .     Faith    .     u - +2 buckler
rPois  .         Spirit   .     p - +0 helmet
rElec  .         Dismiss  .     n - +0 cloak
rCorr  .         Reflect  .     g - +2 pair of gloves
SustAt .         Harm     .     (no boots)
MR     .....                    (no amulet)
Stlth  +.........               (no ring)
                                y - ring of magical power

@: not resistant to hostile enchantments, very unstealthy
A: change form in water, swift swim
a: Animate Remains, Recall Undead Slaves, Injury Mirror, Renounce Religion


You were on level 7 of the Dungeon.
You worshipped Yredelemnul.
Yredelemnul was pleased with you.
You were not hungry.

You visited 1 branch of the dungeon, and saw 7 of its levels.

You collected 298 gold pieces.

Inventory:

Hand Weapons
 h - a +3 trident of freezing (weapon)
Armour
 g - a +2 pair of gloves (worn)
 n - a +0 cloak (worn)
 p - a +0 helmet (worn)
 u - a +2 buckler (worn)
 x - a +0 ring mail (worn)
Jewellery
 f - an uncursed amulet of dismissal
 y - a ring of magical power (left hand)
Wands
 a - a wand of acid (6/15)
 v - a wand of paralysis (11/24)
Scrolls
 j - a scroll of recharging
 k - 2 scrolls of fog
 l - a scroll of amnesia
 m - 2 scrolls of remove curse
 o - a scroll of enchant armour {unknown}
Potions
 d - a potion of mutation
 e - 2 potions of agility
 i - a potion of lignification {unknown}
 q - 2 potions of haste
 s - 2 potions of curing
Books
 b - a book of Flames

   Spells                             Type                      Level
   a - Flame Tongue                   Conjuration/Fire             1
   b - Throw Flame                    Conjuration/Fire             2
   c - Conjure Flame                  Conjuration/Fire             3
   d - Inner Flame                    Hexes/Fire                   3
   e - Sticky Flame                   Conjuration/Fire             4
   f - Fireball                       Conjuration/Fire             5
Comestibles
 c - 3 bread rations


   Skills:
 - Level 2.9 Fighting
 + Level 13.0 Polearms
 - Level 3.3 Dodging
 - Level 2.1 Stealth
 - Level 2.0 Spellcasting
   Level 0.7 Conjurations
   Level 2.1 Fire Magic
 + Level 5.0 Invocations


You had 12 spell levels left.
You didn't know any spells.

Dungeon Overview and Level Annotations

Branches:
Dungeon (7/15)             Temple (0/1) D:5

Altars:
Ashenzari
Fedhas
Pakellas
Sif Muna
Trog
Yredelemnul
Zin


Message History

Things that are here:
a flail; a plate armour There isn't anything to butcher here.
You start resting.
You see here a giant gecko corpse.
You start resting.
You see here a giant gecko corpse.
You attempt to give life to the dead...
The dead are walking!
You feel slightly more hungry.
Things that are here:
22 bolts; a gnoll corpse You attempt to give life to the dead...
The dead are walking!
You feel slightly more hungry.
You swap places.
The cyclops throws a large rock.
The large rock hits you!!
Things that are here:
a large rock; a flail; a plate armour You swap places.
The cyclops throws a large rock.
The large rock hits you!!
You die...
Your body rises from the dead as a mindless zombie.

# # .# ##.# # #.# ...# .###
##.### ## ###### ... #..... .#
.....# #####C########..# .# #
##...C.................######.#.#
#............Z#)...........#.# ##
#...Z@(.....###.......
####.#.###...........# #.#.#
#)####....#.# #.#.# #.# ##.#.#
#.#.# #.# ##.#.# #.#.# #†# #..#..
#.#.# #.# #.####. #.#.. #.# #.#
.# #.# #.# #.####.#


You could see a cyclops, a friendly giant gecko zombie and a friendly gnoll
zombie.

Vanquished Creatures
  Grinder (D:4)
  A hungry ghost (D:7)
  The ghost of skk the Slinger, an amateur HaHu (D:3)
  An orc warrior (D:7)
  A necrophage (D:7)
  2 centaurs (D:5)
  An ogre (D:5)
  3 wights (D:7)
  A crimson imp (D:7)
  2 hounds
  A centaur zombie (D:6)
  An orc priest (D:7)
  A centaur skeleton (D:7)
  2 iguanas
  Ijyb (D:3)
  4 worker ants
  Robin (D:2)
  10 adders
  4 gnolls
  3 shadow imps
  2 dart slugs
  3 giant geckos
  12 orcs
  6 giant cockroaches
  15 goblins
  7 hobgoblins
  2 jackals (D:3)
  13 kobolds
  A quokka (D:4)
  A ball python (D:4)
  7 bats
  A giant gecko skeleton (D:5)
  8 giant newts
  11 rats
131 creatures vanquished.

Vanquished Creatures (collateral kills)
  An ice beast (D:6)
  A jelly (D:6)
  2 orcs (D:6)
  An orc zombie (D:6)
5 creatures vanquished.

Vanquished Creatures (others)
  2 worker ant zombies
2 creatures vanquished.

Grand Total: 138 creatures vanquished

Notes
Turn   | Place    | Note
--------------------------------------------------------------
     0 | D:1      | MDvedh the Merfolk Fire Elementalist began the quest for the Orb.
     0 | D:1      | Reached XP level 1. HP: 13/13 MP: 3/3
   203 | D:1      | Reached skill level 1 in Fighting
   203 | D:1      | Reached XP level 2. HP: 21/21 MP: 5/5
   524 | D:1      | Reached skill level 1 in Polearms
   710 | D:1      | Reached skill level 2 in Polearms
   710 | D:1      | Reached XP level 3. HP: 19/27 MP: 6/6
  1321 | D:2      | Found an oddly glowing altar of Pakellas.
  1779 | D:2      | Noticed Robin
  1800 | D:2      | Reached XP level 4. HP: 33/34 MP: 7/7
  1803 | D:2      | Killed Robin
  1803 | D:2      | Reached skill level 3 in Polearms
  2160 | D:2      | Found a basalt altar of Yredelemnul.
  2172 | D:2      | Became a worshipper of Yredelemnul the Dark
  2368 | D:2      | Reached skill level 4 in Polearms
  2509 | D:2      | Reached XP level 5. HP: 30/40 MP: 8/8
  2669 | D:2      | Found a shattered altar of Ashenzari.
  2755 | D:2      | Found a bloodstained altar of Trog.
  3213 | D:3      | Reached skill level 5 in Polearms
  3222 | D:3      | Reached * piety under Yredelemnul
  3808 | D:3      | Noticed Ijyb
  3831 | D:3      | Killed Ijyb
  3831 | D:3      | Reached skill level 6 in Polearms
  4063 | D:3      | Noticed skk's ghost (amateur HaHu)
  4106 | D:3      | Killed skk's ghost
  4106 | D:3      | Reached skill level 7 in Polearms
  4106 | D:3      | Reached XP level 6. HP: 33/46 MP: 9/9
  4286 | D:4      | Reached skill level 8 in Polearms
  4409 | D:4      | Noticed Grinder
  4411 | D:4      | Found a glowing silver altar of Zin.
  4430 | D:4      | Killed Grinder
  4430 | D:4      | Reached skill level 9 in Polearms
  4430 | D:4      | Reached XP level 7. HP: 48/51 MP: 10/10
  4716 | D:4      | Found a blossoming altar of Fedhas.
  4904 | D:5      | Entered Level 5 of the Dungeon
  4954 | D:5      | Reached skill level 10 in Polearms
  5108 | D:4      | Reached ** piety under Yredelemnul
  5493 | D:5      | Found a staircase to the Ecumenical Temple.
  5888 | D:5      | Reached skill level 11 in Polearms
  5970 | D:5      | Found a deep blue altar of Sif Muna.
  6069 | D:5      | Reached XP level 8. HP: 40/57 MP: 11/11
  6551 | D:5      | Reached skill level 1 in Invocations
  7279 | D:7      | Noticed a cyclops
  7416 | D:7      | Reached skill level 12 in Polearms
  7605 | D:7      | Reached skill level 13 in Polearms
  7605 | D:7      | Reached skill level 5 in Invocations
  7605 | D:7      | Reached XP level 9. HP: 33/61 MP: 12/12
  7691 | D:7      | Hit by a large rock thrown by a cyclops

Skill      XL: |  1  2  3  4  5  6  7  8 |
---------------+-------------------------+-----
Dodging        | 3 |  3.3
Fighting       | 1 2 |  2.9
Polearms       | 2 4 7 9 11 13 | 13.0
Invocations    | 5 |  5.0
Stealth        | |  2.1
Spellcasting   | |  2.0
Conjurations   | |  0.7
Fire Magic     | |  2.1

Action                   |  1- 3 |  4- 6 |  7- 9 || total
-------------------------+-------+-------+-------++-------
Melee: Whip              |    39 |       |       ||    39
       Unarmed           |     9 |       |       ||     9
       Spear             |   142 |   413 |   193 ||   748
       Trident           |       |       |    95 ||    95
 Cast: Flame Tongue      |     2 |       |       ||     2
Invok: Animate Remains   |       |       |     6 ||     6
Evoke: Wand              |       |     3 |       ||     3
  Use: Potion            |       |     4 |       ||     4
       Scroll            |       |       |    10 ||    10
 Stab: Paralysed         |       |     4 |       ||     4
       Distracted        |       |       |     1 ||     1
  Eat: Fruit             |     2 |     1 |     1 ||     4
       Chunk             |     1 |     9 |     1 ||    11
       Meat ration       |       |       |     1 ||     1
       Bread ration      |       |       |     2 ||     2
       Beef jerky        |       |       |     1 ||     1
Armor: Chain mail        |   110 |   179 |       ||   289
       Robe              |     2 |       |       ||     2
       Ring mail         |       |    14 |    48 ||    62
Dodge: Dodged            |    45 |    52 |    56 ||   153
Block: Buckler           |       |    30 |    45 ||    75
